 Dungeon Crawl Stone Soup version 0.25-a0-690-g234afa57d4 (webtiles) character file.

Game seed: 10443696837529826258, levelgen mode: deterministic

111 kae the Ruffian (level 4, -3/37 HPs)
             Began as a Draconian Transmuter on Mar 30, 2020.
             Slain by a hippogriff (5 damage)
             ... on level 3 of the Dungeon.
             The game lasted 00:02:19 (3014 turns).

kae the Ruffian (Draconian Transmuter)              Turns: 3014, Time: 00:02:20

Health: -3/37      AC:  5    Str: 12    XL:     4   Next: 62%
Magic:  4/7        EV: 12    Int: 15    God:
Gold:   149        SH:  0    Dex: 11    Spells: 2/8 levels left

rFire    . . .     SeeInvis .   i - +0 whip (vamp)
rCold    . . .     Gourm    .   (no shield)
rNeg     . . .     Faith    .   (armour unavailable)
rPois    .         Spirit   .   (helmet restricted)
rElec    .         Reflect  .   (no cloak)
rCorr    .         Harm     .   (no gloves)
MR       .....                  (no boots)
Stlth    +.........             (no amulet)
HPRegen  0.12/turn              (no ring)
MPRegen  0.10/turn              (no ring)

@: very slightly contaminated
A: unfitting armour, cold-blooded, AC +5
a: no special abilities


You were on level 3 of the Dungeon.
You were not hungry.

You visited 1 branch of the dungeon, and saw 3 of its levels.

You collected 149 gold pieces.

Inventory:

Hand Weapons
 i - a +0 vampiric whip (weapon)
Missiles
 a - 44 arrows
Jewellery
 e - an uncursed ring of fire {unknown}
 j - an uncursed amulet of the gourmand {unknown}
Scrolls
 b - 2 scrolls of enchant weapon {unknown}
 d - 3 scrolls of identify {unknown}
 f - a scroll of remove curse {unknown}
 g - a scroll of enchant armour {unknown}
 k - 2 scrolls of teleportation {unknown}
Potions
 m - a potion of curing {unknown}
 n - a potion of lignification {unknown}
Comestibles
 c - 2 rations
 h - a chunk of flesh


   Skills:
 + Level 2.3 Fighting
 - Level 1.7 Dodging
 * Level 4.1 Unarmed Combat
 + Level 2.6 Spellcasting
 + Level 2.8 Transmutations


You had 2 spell levels left.
You knew the following spells:

 Your Spells              Type           Power        Failure   Level  Hunger
a - Beastly Appendage     Tmut           ##....       6%          1    #......
b - Sticks to Snakes      Tmut           ##......     10%         2    ###....
c - Spider Form           Tmut/Pois      #.........   34%         3    ###....

Your spell library contained the following spells:

 Spells                   Type           Power        Failure   Level  Hunger
 Ice Form                 Ice/Tmut       #.......     75%         4    #####..
 Blade Hands              Tmut           ##........   87%         5    ######.


Dungeon Overview and Level Annotations

Branches:
Dungeon (3/15)

Altars:
Gozag
Sif Muna
Vehumet
Zin


Innate Abilities, Weirdness & Mutations

Your plain brown scales are hard. (AC +5)
You cannot fit into any form of body armour.
You are cold-blooded and may be slowed by cold attacks.


Message History

A hippogriff is nearby!
A hippogriff is nearby!
Casting: Beastly Appendage (safe; 6% risk of failure)
Confirm with . or Enter, or press ? or * to list all spells.
You miscast Spider Form.
You are very lightly contaminated with residual magic.
You feel sick. The hippogriff bites you! The hippogriff closely misses you.
The hippogriff claws you!
You see here an adder skeleton.
You see here a hobgoblin skeleton.
Casting: Spider Form (safe; 34% risk of failure)
Confirm with . or Enter, or press ? or * to list all spells.
You create a snake!
You now have 44 arrows.
The hippogriff bites you!
* * * LOW HITPOINT WARNING * * *
The hippogriff pecks you but does no damage.
The hippogriff closely misses you. The hippogriff bites you.
* * * LOW HITPOINT WARNING * * *
The hippogriff misses you. The hippogriff claws you.
You die...

####...........$# #.......### #
#(...........# #.......... #
#÷########.### #.......### # #.#
#.# ##.#.......
####.########.##########.#.######
.................................
....(########÷##########.#.######
#####....####.####S..............
...............H@..........).....
.####....#########.#####.##.#####
.####....#########.# #.##.# ###
.................#.#####.##.# #..
.###############.#.#...#.##.###..
.#........# #.#.#...#.##......
.#.####.########.#.#...#.######..
...#.......(.................##..
.......#########.#.#...#.###.##..


You could see a hippogriff and a friendly ball python.

Vanquished Creatures
  An orc priest (D:3)
  2 adders
  A worm (D:2)
  A leopard gecko (D:3)
  4 orcs (D:3)
  A ball python (D:3)
  3 bats
  4 giant cockroaches
  5 goblins
  4 hobgoblins
  3 jackals
  10 kobolds
  3 quokkas
  5 frilled lizards
  6 rats
53 creatures vanquished.

Notes
Turn   | Place    | Note
-------+----------+-------------------------------------------
     0 | D:1      | kae the Draconian Transmuter began the quest for the Orb.
     0 | D:1      | Reached XP level 1. HP: 16/16 MP: 3/3
   507 | D:1      | Reached XP level 2. HP: 23/23 MP: 3/5
   665 | D:2      | Noticed a sky beast
  1290 | D:2      | Reached XP level 3. HP: 29/29 MP: 4/6
  1639 | D:2      | Found a shimmering blue altar of Sif Muna,
  2210 | D:2      | Learned a level 2 spell: Sticks to Snakes
  2214 | D:2      | Learned a level 3 spell: Spider Form
  2307 | D:3      | Found a glowing silver altar of Zin,
  2347 | D:3      | Found an opulent altar of Gozag,
  2397 | D:3      | Found a faded altar of an unknown god,
  2599 | D:3      | Found a radiant altar of Vehumet,
  2705 | D:3      | Reached XP level 4. HP: 31/36 MP: 5/7
  2786 | D:3      | Reached skill level 4 in Unarmed Combat
  2985 | D:3      | Noticed a hippogriff
  3014 | D:3      | Slain by a hippogriff

Levels and vault maps discovered:
D:1:      psy_arrival_basics, layout_basic
D:2:      layout_loops_corners, nicolae_overflow_hidden_temple
D:3:      layout_basic, lemuel_doored_altar, grunt_gozag_breadcrumbs,
          fiery_altar_vehumet, chequers_ecumenical_altar_island, st_stairs_8

Skill      XL: |  1  2  3  4 |
---------------+-------------+-----
Fighting       | 2 |  2.3
Unarmed Combat | 4 |  4.1
Dodging        | |  1.7
Spellcasting   | |  2.6
Transmutations | |  2.8

Action                   |  1- 3 |  4- 6 || total
-------------------------+-------+-------++-------
Melee: Unarmed           |    36 |     7 ||    43
       Kick              |     6 |     1 ||     7
       Tailslap          |    10 |     2 ||    12
       Headbutt          |     8 |     1 ||     9
       Whip              |   139 |    22 ||   161
       Punch             |       |     1 ||     1
 Cast: Beastly Appendage |    28 |     2 ||    30
       Sticks to Snakes  |       |     2 ||     2
       Spider Form       |       |     1 ||     1
  Use: Potion            |       |     2 ||     2
  Eat: Chunk             |     6 |     2 ||     8
Armor: Skin              |    59 |     9 ||    68
Dodge: Dodged            |   130 |    25 ||   155

Table legend:
 A = Non-vault XP
 B = Vault XP
 C = Vault XP percentage of total XP
 D = Non-vault monster count
 E = Vault monster count
 F = Vault count percentage of total count
                 A         B        C        D         E       F
            +---------+---------+-------+---------+---------+-------
      Total |     155 |       4 |   2.5 |      51 |       2 |   3.8
            +---------+---------+-------+---------+---------+-------
        D:1 |      12 |       0 |   0.0 |       7 |       0 |   0.0
        D:2 |      52 |       0 |   0.0 |      24 |       0 |   0.0
        D:3 |      91 |       4 |   4.2 |      20 |       2 |   9.1
            +---------+---------+-------+---------+---------+-------
